 Dungeon Crawl Stone Soup version 0.28.0-43-g3370ac3207 (webtiles) character file.

Game seed: 3321548018799631277

30 Kaptain the Digger (level 3, -9/20 HPs)
             Began as a Gargoyle Earth Elementalist on Mar 16, 2022.
             Mangled by Sigmund
             ... wielding a +0 scythe
              (10 damage)
             ... on level 2 of the Dungeon.
             The game lasted 00:03:19 (1649 turns).

Kaptain the Digger (Gargoyle Earth Elementalist)    Turns: 1649, Time: 00:03:19

Health: -9/20      AC:  5    Str: 11    XL:     3   Next: 20%
Magic:  0/6        EV: 11    Int: 17    God:
Gold:   33         SH:  0    Dex: 10    Spells: 5/6 levels left

rFire   . . .      SeeInvis .   e - +0 whip
rCold   . . .      Faith    .   (no shield)
rNeg    + . .      Spirit   .   b - +0 robe
rPois   ∞          Reflect  .   (no helmet)
rElec   +          Harm     .   (no cloak)
rCorr   .          Rampage  .   (no gloves)
Will    .....                   (no boots)
Stlth   +.........              (no amulet)
HPRegen 0.06/turn               (no ring)
MPRegen 0.10/turn               (no ring)

@: confused
A: sickness immunity, AC +3, negative energy resistance 1, electricity
resistance, torment resistance 1, petrification resistance
a: no special abilities


You were on level 2 of the Dungeon.
You visited 1 branch of the dungeon, and saw 2 of its levels.

You collected 33 gold pieces.

Inventory:

Hand Weapons
 e - a +0 whip (weapon)
Missiles
 c - 31 stones
Armour
 b - a +0 robe (worn)
Scrolls
 a - a scroll of torment {unknown}
 f - 2 scrolls of identify {unknown}
 g - a scroll of vulnerability {unknown}
 j - a scroll of blinking {unknown}


   Skills:
 * Level 1.1 Fighting
 + Level 0.5 Armour
 - Level 1.5 Dodging
 - Level 2.1 Stealth
 * Level 2.3 Spellcasting
 * Level 1.2 Conjurations
 - Level 0.7 Transmutations
 * Level 4.1 Earth Magic


You had 5 spell levels left.
You knew the following spells:

 Your Spells              Type           Power      Damage    Failure   Level
a - Sandblast             Erth           30%        2d9       3%          1

Your spell library contained the following spells:

 Spells                   Type           Power      Damage    Failure   Level
 Passwall                 Tmut/Erth      8%         N/A       11%         2
 Stone Arrow              Conj/Erth      22%        3d8       19%         3
 Petrify                  Tmut/Erth      10%        N/A       56%         4


Dungeon Overview and Level Annotations

Branches:
Dungeon (2/15)

Altars:

Annotations:
D:2 Sigmund


Innate Abilities, Weirdness & Mutations

You are immune to sickness and miasma.
Your stone body is resilient. (AC +3)
You are immune to poison.
You resist negative energy. (rN+)
You are resistant to electric shocks. (rElec)
You are resistant to unholy torment.
You are immune to petrification.


Message History

You aren't carrying any potions.
Unknown command.
Unknown command.
Casting: Sandblast (safe; 3% risk of failure)
Confirm with . or Enter, or press ? or * to list all spells.
Aiming: Sandblast (safe; 3% risk of failure)
Press: ? - help, Shift-Dir - straight line, f/p - Sigmund
Aim: Sigmund, wielding a +0 scythe, wearing a +2 robe of cold resistance and carrying a wand of polymorph (8) (heavily wounded, 77% to hit)
The blast of sand hits Sigmund but does no damage.
Sigmund is heavily wounded.
Your extra speed is starting to run out.
You hit Sigmund but do no damage.
Sigmund is heavily wounded.
Sigmund gestures at you while chanting.
You are confused.
Unknown command.
You hit Sigmund.
Sigmund is severely wounded.
You miss Sigmund.
Sigmund is severely wounded.
Sigmund closely misses you.
Unknown command.
You hit Sigmund but do no damage.
Sigmund is severely wounded.
You barely miss Sigmund.
Sigmund is severely wounded.
Sigmund hits you with a +0 scythe.
* * * LOW HITPOINT WARNING * * *
You barely miss Sigmund.
Sigmund is severely wounded.
You feel yourself slow down.
Unknown command.
You hit Sigmund.
Sigmund is severely wounded.
Sigmund closely misses you.
You barely miss Sigmund.
Sigmund is severely wounded.
Sigmund hits you with a +0 scythe!
Ouch! That really hurt!
You die...

#...# ##..# ###).#
#...># #.#### #...#
###.# ######## #@#
#......# #@#####.####.#
#.....#......#
#####.#......#
#####.....#.###
##########
#....##.#.#...#
.........#
#....##.#.###.#
.........#####....##.#.#
#.#
.............'...†##.#.#
#.#
.........#####....##.#.#
#.#


You could see Sigmund.

Vanquished Creatures
  A dart slug (D:1)
  3 bats
  An endoplasm (D:2)
  2 giant cockroaches
  5 goblins
  3 hobgoblins (D:1)
  A quokka (D:1)
  5 ball pythons
  2 frilled lizards
  3 rats
26 creatures vanquished.

Notes
Turn   | Place    | Note
-------+----------+-------------------------------------------
     0 | D:1      | Kaptain the Gargoyle Earth Elementalist began the quest for
                  | the Orb.
     0 | D:1      | Reached XP level 1. HP: 10/10 MP: 3/3
   219 | D:1      | Reached XP level 2. HP: 16/16 MP: 0/5
  1020 | D:1      | Reached skill level 1 in Fighting
  1275 | D:2      | Reached skill level 1 in Conjurations
  1442 | D:2      | Reached skill level 4 in Earth Magic
  1466 | D:2      | Reached XP level 3. HP: 20/20 MP: 6/6
  1556 | D:2      | Noticed Sigmund
  1646 | D:2      | HP: 1/20 [Sigmund/+0 scythe (6)]
  1649 | D:2      | Mangled by Sigmund

Illustrated notes

Levels and vault maps discovered:
D:1:      psy_arrival_radial02, layout_basic
D:2:      layout_basic, uniq_sigmund

Skill      XL: |  1  2 |
---------------+-------+-----
Fighting       | 1 |  1.1
Conjurations   | 1 |  1.2
Earth Magic    | 4 |  4.1
Armour         | |  0.5
Dodging        | |  1.5
Stealth        | |  2.1
Spellcasting   | |  2.3
Transmutations | |  0.7

Action                   || total
-------------------------++-------
Melee: Unarmed           ||     4
       Whip              ||     9
 Cast: Sandblast         ||    45
  Use: Potion            ||     3
Armor: Robe              ||     4
       Skin              ||     7
Dodge: Dodged            ||    25
